 Dungeon Crawl Stone Soup version 0.31.0-32-g396128a36d (webtiles) character file.

Game seed: 6150106228807585684

1878 Silvore the Basher (level 8, 0/69 (71) HPs)
             Began as a Minotaur Fighter on Mar 30, 2024.
             Was an Elder of Zin.
             Killed by divine providence
             ... invoked by Jeremiah
              (13 damage)
             ... on level 8 of the Dungeon.
             The game lasted 00:05:45 (5898 turns).

Silvore the Basher (Minotaur Fighter)               Turns: 5898, Time: 00:05:45

HP:   0/69 (71)     AC: 19    Str: 24    XL:     8   Next: 91%
MP:   7/7           EV:  9    Int:  5    God:    Zin [****..]
Gold: 158           SH:  4    Dex:  9    Spells: 7/7 levels left

rFire   . . .        a - +0 flail
rCold   . . .        c - +0 buckler
rNeg    . . .        e - +3 chain mail
rPois   .            (helmet restricted)
rElec   .            p - +2 cloak
rCorr   .            D - +0 pair of gloves
SInv    .            g - +0 pair of boots
Will    .....        (no amulet) Stlth
                     (no ring)
HPRegen 0.31/turn    (no ring)
MPRegen 0.10/turn

%: no passive effects
@: lightly drained
A: horns 2, retaliatory headbutt
a: Renounce Religion, Recite, Vitalisation, Imprison, Donate Gold


You were on level 8 of the Dungeon.
You worshipped Zin.
Zin was greatly pleased with you.
You visited 1 branch of the dungeon, and saw 8 of its levels.

You collected 325 gold pieces.
You donated 167 gold pieces to Zin.

Inventory:

Hand Weapons
 a - a +0 flail (weapon)
Missiles
 B - 2 throwing nets (quivered)
Armour
 b - a +0 scale mail
 c - a +0 buckler (worn)
 e - a +3 chain mail (worn)
 g - a +0 pair of boots (worn)
 p - a +2 cloak (worn)
 D - a +0 pair of gloves (worn)
Jewellery
 y - an amulet of faith
 z - a +6 ring of strength
Wands
 n - a wand of flame (14)
 q - a wand of acid (13)
Scrolls
 i - 2 scrolls of enchant weapon {unknown}
 j - a scroll of noise {unknown}
 k - a scroll of enchant armour {unknown}
 o - a scroll of amnesia {unknown}
 r - 3 scrolls of identify {unknown}
 t - 3 scrolls of teleportation {unknown}
 v - 2 scrolls of revelation {unknown}
 w - a scroll of immolation {unknown}
 x - a scroll of fear {unknown}
 A - a scroll of vulnerability {unknown}
 C - a scroll of blinking {unknown}
Potions
 d - a potion of curing {unknown}
 f - 3 potions of degeneration {unknown}
 h - a potion of lignification {unknown}
 l - 2 potions of heal wounds {unknown}
 m - a potion of mutation {unknown}
 s - a potion of haste {unknown}
 u - a potion of magic {unknown}


   Skills:
 + Level 6.7 Fighting
 + Level 9.4 Maces & Flails
 + Level 7.3 Armour
 + Level 3.5 Dodging
 + Level 0.7 Stealth
 + Level 5.3 Shields


You had 7 spell levels left.
You didn't know any spells.
Your spell library contained the following spells:

 Spells                   Type           Power      Damage    Failure   Level
 Slow                     Hex            0%         N/A       97%         1
 Ensorcelled Hibernation  Hex/Ice        0%         N/A       99%         2
 Sublimation of Blood     Necr           0%         N/A       99%         2
 Confusing Touch          Hex            0%         N/A       100%        3
 Dazzling Flash           Conj/Hex       0%         N/A       100%        3
 Fugue of the Fallen      Necr           0%         N/A       100%        3
 Mephitic Cloud           Conj/Alch/Air  0%         N/A       100%        3
 Sigil of Binding         Hex            0%         N/A       100%        3
 Vampiric Draining        Necr           0%         2d6       100%        3
 Anguish                  Hex/Necr       0%         N/A       100%        4
 Petrify                  Alch/Erth      0%         N/A       100%        4
 Curse of Agony           Necr           0%         N/A       100%        5
 Irradiate                Conj/Alch      0%         3d11      100%        5
 Silence                  Hex/Air        0%         N/A       100%        5


Dungeon Overview and Level Annotations

Branches:
Dungeon (9/15)             Temple (0/1) D:4            Lair (0/5) D:9
    Orc: D:9-12

Altars:
Ashenzari
Dithmenos
Elyvilon
Okawaru
Yredelemnul
Zin

Annotations:
D:4 2 transporters
D:8 Jeremiah


Innate Abilities, Weirdness & Mutations

You have a pair of horns on your head.
You reflexively headbutt those who attack you in melee.


Message History

You closely miss the butterfly. Your headbutt misses the butterfly.
The butterfly disappears in a burst of colours! x2
The orc hits you but does no damage.
Jeremiah's eyes momentarily flash bright red.
Jeremiah hits you but does no damage.
You feel drained.
Unknown command.
Found 36 gold pieces.
The orc barely misses you. Jeremiah barely misses you.
Things that are here:
a +0 whip; an orc corpse The butterfly disappears in a burst of colours! x2
The orc barely misses you.
Jeremiah says, "Time for a nap after this, I think."
Jeremiah hops!
Found 10 gold pieces.
The butterfly disappears in a burst of colours! x2
The orc attacks as it pursues you!
The orc hits you from afar with a +0 trident.
Found 6 gold pieces.
Found a shadowy altar of Dithmenos.
The butterfly disappears in a burst of colours!
You closely miss the butterfly. Your headbutt misses the butterfly.
The butterfly disappears in a burst of colours!
The orc hits you from afar with a +0 trident.
The butterfly disappears in a burst of colours!
Jeremiah howls, "Why can't I wake up?"
Found 47 gold pieces.
The butterfly disappears in a burst of colours! x5
You thump the butterfly!
You kill the butterfly!
The butterfly disappears in a burst of colours!
Jeremiah cries, "Fearful master, protect me!"
Something smites you!
* * * LOW HITPOINT WARNING * * *
The orc closely misses you.
The butterfly disappears in a burst of colours!
Found a stone staircase leading up.
The butterfly disappears in a burst of colours!
Jeremiah shouts, "O dreadful one, destroy my foe!"
Something smites you!
You die...
Jeremiah wails, "I didn't mean to kill anyone!
I'm not a murderer!"

##...bb.#.$.$.#.#
#......b#######.#
#....bF.b.......#
#.....bb#b....#
##).b..b......####
#..b....#ob.......
#.......#.....###
#.......#......#
##.....##....@.#
##...###.......#
##### ######....#
...## <.... ##+#..
#.. ..


You could see Jeremiah and an orc.

Vanquished Creatures
  A rime drake (D:9)
  Menkaure (D:4)
  An ice beast (D:5)
  A sky beast (D:6)
  2 wolves (D:9)
  A phantom (D:6)
  3 scorpions
  A wight (D:9)
  3 howler monkeys
  2 bombardier beetles
  A quasit (D:5)
  2 hounds
  A gnoll bouda (D:5)
  A jelly (D:4)
  2 orc priests (D:8)
  Jessica (D:2)
  3 iguanas
  An orc wizard (D:5)
  Terence (D:2)
  9 gnolls
  4 adders
  A shadow imp (D:5)
  4 white imps (D:5)
  2 ufetubi (D:5)
  4 dart slugs
  A ribbon worm (D:3)
  7 orcs
  10 endoplasms
  2 giant cockroaches
  10 goblins
  10 hobgoblins
  11 jackals
  3 quokkas
  5 ball pythons
  5 bats
  4 frilled lizards
  10 kobolds
  6 rats
137 creatures vanquished.

Notes
Turn   | Place    | Note
-------+----------+-------------------------------------------
     0 | D:1      | Silvore the Minotaur Fighter began the quest for the Orb.
     0 | D:1      | Reached XP level 1. HP: 19/19 MP: 0/0
   148 | D:1      | Reached XP level 2. HP: 26/26 MP: 1/1
   327 | D:1      | Reached XP level 3. HP: 33/33 MP: 2/2
   435 | D:1      | Reached skill level 3 in Maces & Flails
   955 | D:2      | Noticed Terence
   965 | D:2      | Killed Terence
   966 | D:2      | Reached XP level 4. HP: 7/40 MP: 3/3
  1106 | D:2      | Found a glowing silver altar of Zin.
  1117 | D:2      | Became a worshipper of Zin the Law-Giver
  1156 | D:2      | Reached skill level 4 in Maces & Flails
  1519 | D:2      | Reached XP level 5. HP: 47/47 MP: 4/4
  1872 | D:2      | Noticed Jessica
  1877 | D:2      | Killed Jessica
  1987 | D:3      | Reached skill level 5 in Armour
  2079 | D:3      | Reached skill level 1 in Dodging
  2127 | D:3      | Found a basalt altar of Yredelemnul.
  2165 | D:3      | Reached skill level 5 in Maces & Flails
  2243 | D:3      | Reached * piety under Zin
  2271 | D:3      | Found a broken altar of Ashenzari.
  2271 | D:3      | Found an iron altar of Okawaru.
  2744 | D:3      | Found a white marble altar of Elyvilon.
  3130 | D:4      | Reached XP level 6. HP: 45/53 MP: 5/5
  3218 | D:4      | Noticed Menkaure
  3227 | D:4      | Killed Menkaure
  3462 | D:4      | Found a transporter.
  3542 | D:4      | Reached skill level 6 in Maces & Flails
  3630 | D:4      | Reached ** piety under Zin
  3634 | D:4      | Found a staircase to the Ecumenical Temple.
  3708 | D:4      | Found a transporter.
  3737 | D:4      | Reached skill level 5 in Fighting
  3998 | D:5      | Entered Level 5 of the Dungeon
  4019 | D:5      | Noticed an ice beast
  4034 | D:5      | Reached XP level 7. HP: 58/61 MP: 6/6
  4247 | D:5      | Reached skill level 7 in Maces & Flails
  4546 | D:5      | Reached *** piety under Zin
  5084 | D:6      | Reached XP level 8. HP: 69/69 MP: 7/7
  5314 | D:6      | Reached skill level 8 in Maces & Flails
  5316 | D:6      | Donated 135 gold pieces to Zin
  5511 | D:6      | Reached **** piety under Zin
  5512 | D:6      | You fall into a shaft and drop 3 floors!
  5540 | D:9      | Noticed a rime drake
  5573 | D:9      | Killed a rime drake
  5574 | D:9      | Reached skill level 9 in Maces & Flails
  5574 | D:9      | Reached skill level 5 in Shields
  5722 | D:9      | Found a staircase to the Lair.
  5722 | D:9      | Noticed a troll
  5874 | D:8      | Noticed Jeremiah
  5889 | D:8      | Found a shadowy altar of Dithmenos.
  5898 | D:8      | Killed from afar by Jeremiah

Illustrated notes

Levels and vault maps discovered:
D:1:      dpeg_arrival_line_fractal, layout_basic
D:2:      layout_loops_corners, basic_altar, uniq_terence, uniq_jessica
D:3:      layout_loops_ring, kennysheep_ying_yang,
          gammafunk_temple_overflow_wave, kennysheep_cluttered_room,
          minmay_increasing_density
D:4:      gammafunk_wand_slinger, layout_loops_ring, minmay_temple_entry_glass,
          uniq_menkaure
D:5:      layout_gridville, serial_demonic, serial_demonic_d, serial_demonic_f,
          serial_demonic_f, serial_demonic_f
D:6:      layout_loops_corners, lexackson_kobold_supper
D:8:      layout_rooms, amcnicky_altar_gilded, kennysheep_vampire_church,
          mainiacjoe_overflow_swirl, uniq_grum, uniq_jeremiah
D:9:      layout_stronghold, nicolae_ru_the_path_less_chosen,
          hellmonk_lair_entry_icy, minmay_misc_feat_doors, minivault_25

Skill      XL: |  1  2  3  4  5  6  7  8 |
---------------+-------------------------+-----
Armour         | 4 5 6 7 |  7.3
Shields        | 4 5 |  5.3
Fighting       | 4 5 6 |  6.7
Maces & Flails | 3 4 5 6 7 9 |  9.4
Dodging        | 1 2 3 |  3.5
Stealth        | |  0.7

Action                     |  1- 3 |  4- 6 |  7- 9 || total
---------------------------+-------+-------+-------++-------
  Melee: Flail             |    82 |   133 |   159 ||   374
         Headbutt          |     7 |    20 |    14 ||    41
 Invoke: Donate Gold       |       |       |     1 ||     1
    Use: Potion            |       |       |     1 ||     1
 Armour: Scale mail        |    22 |       |       ||    22
         Chain mail        |    63 |   100 |   203 ||   366
  Dodge: Dodged            |    31 |    59 |    91 ||   181
  Block: Buckler           |    20 |    22 |    55 ||    97
